 Dungeon Crawl Stone Soup version 0.22-a0-587-g7d32d7c (webtiles) character file.

3365 Amnesiac the Thrower (level 10, -3/107 HPs)
             Began as an Ogre Fighter on July 4, 2018.
             Slain by a killer bee (4 damage)
             ... on level 7 of the Dungeon.
             The game lasted 00:14:02 (7111 turns).

Amnesiac the Thrower (Ogre Fighter)                 Turns: 7111, Time: 00:14:03

Health: -3/107     AC:  5    Str: 24 (25) XL:     10   Next: 3%
Magic:  10/10      EV:  9    Int:  6 (9)  God:
Gold:   505        SH:  9    Dex:  5 (8)  Spells: 3/9 levels left

rFire    + . .     SeeInvis .   a - +0 flail (protect)
rCold    + + .     Gourm    .   c - +0 shield
rNeg     . . .     Faith    .   o - +0 robe
rPois    +         Spirit   .   (helmet restricted)
rElec    +         Reflect  .   (no cloak)
rCorr    +         Harm     .   (gloves unavailable)
MR       ++...     Clarity  +   (boots unavailable)
Stlth    +.........             (no amulet)
HPRegen  0.27/turn              q - ring of protection from magic
MPRegen  0.12/turn              (no ring)

@: lethally poisoned (-3 -> -6), resistant, very slightly contaminated,
invisible
A: large, unfitting armour, thin metallic scales 1, clarity, cold resistance 1,
tough skin 1
a: no special abilities


You were on level 7 of the Dungeon.
You were not hungry.

You visited 1 branch of the dungeon, and saw 7 of its levels.

You collected 505 gold pieces.

Inventory:

Hand Weapons
 a - a +0 flail of protection (weapon)
 b - a +6 blowgun
Missiles
 h - 141 stones (quivered)
 n - 17 poisoned needles
Armour
 c - a +0 shield (worn)
 o - a +0 robe (worn)
Jewellery
 q - a ring of protection from magic (left hand)
 G - a +4 ring of dexterity {unknown}
Wands
 r - a wand of clouds (2)
 y - a wand of flame (35)
Scrolls
 e - 9 scrolls of identify {!r, unknown}
 g - 2 scrolls of acquirement {!r, unknown}
 i - 4 scrolls of blinking {!r}
 k - 2 scrolls of teleportation {!r}
 l - 2 scrolls of random uselessness {!r, unknown}
 p - 3 scrolls of remove curse {!r, unknown}
 w - a scroll of enchant weapon {!r, unknown}
 x - 4 scrolls of enchant armour {!r, unknown}
 B - a scroll of amnesia {!r, unknown}
 E - 2 scrolls of fear {!r, unknown}
Potions
 d - a potion of might {!q}
 m - a potion of magic {!q}
 t - a potion of degeneration {!q}
 u - a potion of mutation {!q}
 C - a potion of haste {!q}
 F - a potion of heal wounds {!q, unknown}
Comestibles
 f - 17 rations
 j - 5 chunks of flesh


   Skills:
 + Level 9.3 Fighting
   Level 2.0 Polearms
 * Level 10.4 Throwing
 - Level 2.6 Dodging
 + Level 6.4 Shields


You had 3 spell levels left.
You knew the following spells:

 Your Spells              Type           Power        Failure   Level  Hunger
a - Summon Small Mammal   Summ           #...         65%         1    ##.....
b - Passwall              Tmut/Erth      #.......     78%         2    ###....
c - Ozocubu's Armour      Chrm/Ice       #.......     95%         3    ####...

Your spell library contained the following spells:

 Spells                   Type           Power        Failure   Level  Hunger
 Cause Fear               Hex            #.........   100%        4    #####..
 Bolt of Fire             Conj/Fire      #.........   100%        6    #######
 Summon Ice Beast         Ice/Summ       #.......     100%        4    #####..
 Call Imp                 Summ           #.......     78%         2    ###....
 Summon Demon             Summ           #.........   100%        5    ######.
 Stone Arrow              Conj/Erth      #.....       95%         3    ####...
 Ice Form                 Ice/Tmut       #.......     100%        4    #####..
 Dragon Form              Tmut           #.........   100%        7    #######
 Flame Tongue             Conj/Fire      #....        65%         1    ##.....
 Call Canine Familiar     Summ           #.......     95%         3    ####...
 Lee's Rapid Deconstruct  Erth           #.........   100%        5    ######.
 Sandblast                Erth           #.....       65%         1    ##.....
 Petrify                  Tmut/Erth      #.......     100%        4    #####..
 Summon Forest            Summ/Tloc      #.........   100%        5    ######.
 Summon Lightning Spire   Summ/Air       #.......     100%        4    #####..
 Summon Guardian Golem    Hex/Summ       #.......     95%         3    ####...
 Dragon's Call            Summ           #.........   100%        9    #######


Dungeon Overview and Level Annotations

Branches:
Dungeon (7/15)
 Temple: D:4-7

Altars:
Dithmenos
Nemelex Xobeh
Qazlal
Wu Jian

Shops:
D:5 (}*!}

Annotations:
D:5 3 runed doors, Noname's ghost, novice NaGl


Innate Abilities, Weirdness & Mutations

You are too large for most types of armour.
You have tough skin. (AC +1)
You are partially covered in thin metallic scales. (AC +2)
You possess an exceptional clarity of mind.
Your flesh is cold resistant. (rC+)


Message History

Press: ? - help, Shift-Dir - straight line, f/p - killer bee
Aim: a killer bee (heavily wounded)
You throw a stone. The stone barely misses the killer bee.
You block the killer bee's attack. The killer bee closely misses you.
Quiver which item? (- for none, * to show all) (? for menu, Esc to quit)
Okay, then.
Quiver which item? (- for none, * to show all) (? for menu, Esc to quit)
Quivering
v - a throwing net for throwing.
Throwing (i - inventory. (/) - cycle)
v - a throwing net (quivered)
Press: ? - help, Shift-Dir - straight line, f/p - killer bee
Aim: a killer bee (heavily wounded)
You throw a throwing net. The throwing net hits the killer bee.
The killer bee is caught in the net!
The killer bee is heavily wounded.
The killer bee struggles against the net.
Quiver which item? (- for none, * to show all) (? for menu, Esc to quit)
Okay, then.
You hit the killer bee but do no damage.
Your weapon exudes an aura of protection.
The killer bee is heavily wounded.
The killer bee struggles against the net.
The net rips apart, and the killer bee comes free!
The killer bee stings you.
* * * LOW HITPOINT WARNING * * *
The killer bee stings you but does no damage.
Quiver which item? (- for none, * to show all) (? for menu, Esc to quit)
Quivering
h - 143 stones for throwing.
Throwing (i - inventory)
h - 143 stones (quivered)
Press: ? - help, Shift-Dir - straight line, f/p - killer bee
Aim: a killer bee (heavily wounded)
You throw a stone. The stone misses the killer bee.
You feel sick. The killer bee barely misses you. The killer bee stings you.
* * * LOW HITPOINT WARNING * * *
Throwing (i - inventory)
h - 142 stones (quivered)
Press: ? - help, Shift-Dir - straight line, f/p - killer bee
Aim: a killer bee (heavily wounded)
You throw a stone. The stone misses the killer bee.
You block the killer bee's attack.
Really quaff
t - 2 bubbling cyan potions {!q}?
It was a potion of degeneration {!q}.
There was something very wrong with that liquid.
You feel weakened.
You feel dopey.
You feel clumsy.
The killer bee stings you but does no damage.
The killer bee stings you.
* * * LOW HITPOINT WARNING * * *
Really quaff
s - a bubbling grey potion {!q}?
It was a potion of invisibility {!q}.
You fade into invisibility!
You block the killer bee's attack. x2
You are very lightly contaminated with residual magic.
You barely miss the killer bee.
The killer bee is heavily wounded.
You feel sick.
You are no longer poisoned.
You block the killer bee's attack. The killer bee stings you!
* * * LOW HITPOINT WARNING * * *
You are lethally poisoned!
The killer bee poisons you! You block the killer bee's attack.
Really quaff
D - a sapphire potion {!q}?
It was a potion of resistance {!q}.
You feel protected.
* * * LOW HITPOINT WARNING * * *
You feel sick. The killer bee barely misses you. The killer bee stings you.
You die...

#....................
#...(.....###.......)
#.......# #..###.###
##.....###... #.....#
##.(.......#####)###
##(########........
#)# #. ######.### #y#
#.#......... ##@#
#..#####)### # ##..#
#......)..
..##.##...#
######.###
..........# #[.......
.##.##..## #####.###
# #..## ... #.....#
#.### ##.## # ###.###
#.#.##.#.#.##.#.....#
#.#..##...##..#.|.[.#


You could see a killer bee.

Vanquished Creatures
  A cyclops (D:7)
  A troll (D:7)
  A hippogriff (D:7)
  A shadow (D:7)
  A hungry ghost (D:7)
  Edmund (D:5)
  2 orc warriors
  2 sky beasts
  A phantom (D:7)
  3 ogres
  2 bullfrogs (D:7)
  A scorpion (D:6)
  5 killer bees (D:7)
  2 crimson imps (D:5)
  3 centaur skeletons
  A jelly (D:6)
  2 bullfrog skeletons
  An orc priest (D:7)
  A hound (D:6)
  2 iguanas (D:7)
  6 worker ants
  6 orc wizards
  A hound zombie (D:7)
  A howler monkey zombie (D:6)
  Robin (D:4)
  12 gnolls
  6 adders
  A howler monkey skeleton (D:6)
  An ooze (D:1)
  An adder skeleton (D:4)
  A worm (D:2)
  4 leopard geckos
  26 orcs
  A ball python (D:1)
  5 bats
  4 giant cockroaches
  17 goblins
  9 hobgoblins
  7 jackals
  7 kobolds
  3 quokkas
  A ball python skeleton (D:6)
  3 frilled lizards
  3 rats
161 creatures vanquished.

Vanquished Creatures (others)
  A sky beast (D:7)
1 creature vanquished.

Grand Total: 162 creatures vanquished

Notes
Turn   | Place    | Note
-------+----------+-------------------------------------------
     0 | D:1      | Amnesiac the Ogre Fighter began the quest for the Orb.
     0 | D:1      | Reached XP level 1. HP: 24/24 MP: 1/1
    22 | D:1      | Reached skill level 1 in Throwing
    34 | D:1      | Reached XP level 2. HP: 29/32 MP: 2/2
   102 | D:1      | Reached skill level 2 in Throwing
   223 | D:1      | Reached XP level 3. HP: 29/39 MP: 3/3
   692 | D:2      | Reached skill level 3 in Throwing
  1136 | D:2      | Reached XP level 4. HP: 45/48 MP: 4/4
  1460 | D:2      | Reached skill level 4 in Throwing
  2249 | D:3      | Reached XP level 5. HP: 48/54 MP: 5/5
  2259 | D:3      | Found a sparkling altar of Nemelex Xobeh.
  2331 | D:3      | HP: 2/54 [poisoned by a worker ant]
  2338 | D:3      | HP: 2/54 [poisoned by a worker ant]
  2346 | D:3      | HP: 1/54 [poisoned by a worker ant]
  2601 | D:4      | Noticed an ogre
  2624 | D:3      | Reached skill level 5 in Throwing
  3022 | D:4      | Reached XP level 6. HP: 62/62 MP: 6/6
  3102 | D:4      | Noticed Robin
  3436 | D:4      | Killed Robin
  3693 | D:5      | Entered Level 5 of the Dungeon
  3765 | D:5      | Noticed Edmund
  3777 | D:5      | Killed Edmund
  3777 | D:5      | Reached skill level 5 in Fighting
  3777 | D:5      | Reached skill level 6 in Throwing
  3777 | D:5      | Reached XP level 7. HP: 63/72 MP: 7/7
  3786 | D:5      | Found Xixecox's Gadget Shoppe.
  3810 | D:5      | Found Bagup's Distillery.
  3856 | D:5      | HP: 2/72 [something (3)]
  3857 | D:5      | Gained mutation: You are partially covered in thin metallic scales. (AC +2) [potion of mutation]
  3857 | D:5      | Gained mutation: You possess an exceptional clarity of mind. [potion of mutation]
  3857 | D:5      | Gained mutation: Your flesh is cold resistant. (rC+) [potion of mutation]
  3863 | D:5      | Found a shadowy altar of Dithmenos.
  4129 | D:5      | Found Kohuuxut's Antique Weapon Shoppe.
  4142 | D:5      | Found a runed gate.
  4146 | D:5      | Found a runed gate.
  4146 | D:5      | Found a runed gate.
  4146 | D:5      | Noticed Noname's ghost (novice NaGl)
  4284 | D:5      | Found Puucef's General Store.
  4616 | D:6      | Reached skill level 7 in Throwing
  4645 | D:6      | Reached XP level 8. HP: 57/83 MP: 8/8
  5108 | D:6      | Found a stormy altar of Qazlal.
  5108 | D:6      | Found an ornate altar of the Wu Jian Council.
  5264 | D:6      | Learned a level 1 spell: Summon Small Mammal
  5674 | D:5      | Found Tukepp's Gadget Shop.
  6052 | D:7      | Reached skill level 8 in Throwing
  6099 | D:7      | Noticed a shadow
  6103 | D:7      | Killed a shadow
  6103 | D:7      | Reached skill level 5 in Shields
  6106 | D:7      | Noticed a troll
  6120 | D:7      | Killed a troll
  6120 | D:7      | Reached XP level 9. HP: 79/93 MP: 9/9
  6193 | D:7      | Identified the Grimoire of Congealing Summoning
  6199 | D:7      | Learned a level 2 spell: Passwall
  6203 | D:7      | Learned a level 3 spell: Ozocubu's Armour
  6248 | D:7      | Reached skill level 9 in Throwing
  6257 | D:7      | Noticed a cyclops
  6265 | D:7      | Killed a cyclops
  6777 | D:7      | Reached skill level 10 in Throwing
  7093 | D:7      | Reached XP level 10. HP: 60/107 MP: 10/10
  7110 | D:7      | HP: 2/107 [killer bee (7)]
  7111 | D:7      | Slain by a killer bee

Vault maps used:
D:1:      roderic_crossed_star, serial_glass, glass_columns_a, glass_columns_c,
          feat_on_display, due_unseen_surprise, minmay_pentomino_s4
D:2:      kennysheep_cross_room
D:3:      marbit_many_paths, minmay_unequal
D:4:      first_ration, uniq_robin
D:5:      old_standard_altar, serial_shops, nicolae_shop_crystal, shop_coins,
          nicolae_shop_stone, shop, nicolae_shop_crystal, gammafunk_ghost_split,
          uniq_edmund
D:6:      minitemple
D:7:      minmay_the_grid_octo_tiled_squarecenter, temple_green

Skill      XL: |  1  2  3  4  5  6  7  8  9 |
---------------+----------------------------+-----
Throwing       | 1 2 3 4 5 6 7 8 10 | 10.4
Shields        | 3 4 5 6 |  6.4
Fighting       | 5 6 7 9 |  9.3
Polearms       | |  2.0
Dodging        | |  2.6

Action                   |  1- 3 |  4- 6 |  7- 9 | 10-12 || total
-------------------------+-------+-------+-------+-------++-------
Melee: Trident           |   133 |   181 |       |       ||   314
       Flail             |       |       |   294 |     2 ||   296
Throw: Stone             |       |     9 |   126 |     3 ||   138
       Throwing net      |       |     3 |       |     2 ||     5
       Large rock        |       |     7 |    27 |     1 ||    35
       Tomahawk          |       |       |     3 |     7 ||    10
Evoke: Wand              |       |     1 |       |       ||     1
  Use: Potion            |       |       |     7 |     3 ||    10
       Scroll            |       |       |     2 |       ||     2
  Eat: Chunk             |     1 |     8 |    14 |       ||    23
Armor: Robe              |    30 |    24 |   120 |     4 ||   178
Dodge: Dodged            |    41 |    45 |   132 |     5 ||   223
Block: Shield            |    42 |    61 |   194 |     6 ||   303

Table legend:
 A = Spawn XP
 B = Non-spawn XP
 C = Spawn XP percentage of total XP
 D = Spawn monster count
 E = Non-spawn monster count
 F = Spawn count percentage of total count
 G = Total turns spent on level
                    A         B        C        D         E        F      G
               +---------+---------+-------+---------+---------+-------+---------
         Total |       0 |    4808 |   0.0 |       0 |     162 |   0.0 |  7111
               +---------+---------+-------+---------+---------+-------+---------
           D:1 |       0 |      62 |   0.0 |       0 |      24 |   0.0 |   797
           D:2 |       0 |      66 |   0.0 |       0 |      14 |   0.0 |   886
           D:3 |       0 |      85 |   0.0 |       0 |      15 |   0.0 |  1054
           D:4 |       0 |     290 |   0.0 |       0 |      23 |   0.0 |   956
           D:5 |       0 |     573 |   0.0 |       0 |      19 |   0.0 |  1207
           D:6 |       0 |     734 |   0.0 |       0 |      28 |   0.0 |  1097
           D:7 |       0 |    2998 |   0.0 |       0 |      39 |   0.0 |  1114
               +---------+---------+-------+---------+---------+-------+---------
